 Dungeon Crawl Stone Soup version 0.30-b1-2-g02819fbbbe (webtiles) character file.

Game seed: 12063382128243458438

2919 LLlMATKO the Fighter (level 9, -4/82 HPs)
             Began as a Minotaur Berserker on Oct 13, 2023.
             Was a High Priest of Trog.
             Slain by a wight
             ... wielding a +1 dagger
              (5 damage)
             ... on level 8 of the Dungeon.
             The game lasted 00:06:14 (6602 turns).

LLlMATKO the Fighter (Minotaur Berserker)           Turns: 6602, Time: 00:06:15

Health: -4/82      AC: 11    Str: 27    XL:     9   Next: 50%
Magic:  8/8        EV: 12    Int:  4    God:    Trog [*****.]
Gold:   194        SH:  4    Dex:  9    Spells: 8/8 levels left

rFire   + . .        E - +1 war axe
rCold   . . .        r - +0 buckler
rNeg    . . .        j - +0 ring mail
rPois   +            (helmet restricted)
rElec   .            q - +1 cloak {rPois}
rCorr   .            n - +0 pair of gloves
SInv    .            G - +0 pair of boots
Will    .....        (no amulet) Stlth
                     e - ring of protection from fire
HPRegen 0.33/turn    (no ring)
MPRegen 0.11/turn

%: no passive effects
@: on berserk cooldown, slowed, very slow
A: horns 2, retaliatory headbutt
a: Renounce Religion, Berserk, Trog's Hand, Brothers in Arms


You were on level 8 of the Dungeon.
You worshipped Trog.
Trog was extremely pleased with you.
You visited 1 branch of the dungeon, and saw 8 of its levels.
You also visited: Ossuary.

You collected 257 gold pieces.
You spent 63 gold pieces at shops.

Inventory:

Hand Weapons
 a - a +0 hand axe
 z - a +3 whip of electrocution
 E - a +1 war axe (weapon)
 F - a +0 war axe
Missiles
 A - 6 poisoned darts (quivered)
 B - 3 throwing nets
Armour
 j - a +0 ring mail (worn)
 n - a +0 pair of gloves (worn)
 q - a +1 cloak of poison resistance (worn)
 r - a +0 buckler (worn)
 G - a +0 pair of boots (worn)
Jewellery
 e - a ring of protection from fire (left hand)
 C - a +4 ring of protection
Wands
 s - a wand of flame (29)
Scrolls
 b - 2 scrolls of fog
 d - 2 scrolls of poison
 f - 7 scrolls of identify
 g - a scroll of immolation
 o - 2 scrolls of noise
 u - 3 scrolls of teleportation
 y - 2 scrolls of blinking
 D - a scroll of acquirement {unknown}
Potions
 c - 3 potions of invisibility
 h - a potion of resistance {unknown}
 i - a potion of heal wounds {unknown}
 k - 2 potions of ambrosia {unknown}
 l - a potion of brilliance {unknown}
 m - 3 potions of curing {unknown}
 p - 6 potions of degeneration {unknown}
 t - 4 potions of attraction {unknown}
 v - a potion of might {unknown}
 w - a potion of flight {unknown}
 x - a potion of magic {unknown}


   Skills:
 + Level 8.3 Fighting
 + Level 8.3 Axes
 + Level 7.8 Armour
 + Level 7.1 Dodging
 + Level 5.2 Shields


You had 8 spell levels left.
You didn't know any spells.
Your spell library was empty.

Dungeon Overview and Level Annotations

Branches:
Dungeon (8/15)            Ossuary (visited)
 Temple: D:4-7         Lair: D:8-11

Altars:
Dithmenos
Hepliaklqana
Okawaru
Vehumet

Shops:
D:5 [=


Innate Abilities, Weirdness & Mutations

You have a pair of horns on your head.
You reflexively headbutt those who attack you in melee.


Message History

You are no longer berserk.
You are exhausted.
You feel yourself slow down.
Unknown command.
The steam dragon bites you but does no damage.
The steam dragon claws you but does no damage.
The steam dragon attacks as you move away!
The steam dragon barely misses you. The steam dragon closely misses you.
The sky beast is engulfed in a cloud of scalding steam.
The steam dragon attacks as you move away!
The steam dragon completely misses you.
The steam dragon claws you but does no damage.
The steam dragon breathes steam at you. The ball of steam hits you. You resist.
* * * LOW HITPOINT WARNING * * *
There is a stone staircase leading down here.
You block the steam dragon's attack. The steam dragon misses you.
The sky beast flickers out of sight!
Deactivating autopickup; reactivate with Ctrl-A.
You block something's attack.
You climb downwards.
Reactivating autopickup.
The orc shouts!
You hear a shout!
Found a scroll of identify and a smoky green potion.
There is a stone staircase leading up here.
You slash the steam dragon!
The steam dragon is moderately wounded.
You barely miss the wight. You slash something! You hit the wight.
The sentinel's mark upon you fades away.
Something hits you.
* * * LOW HITPOINT WARNING * * *
Something shocks you.
* * * LOW HITPOINT WARNING * * *
Deactivating autopickup; reactivate with Ctrl-A.
The steam dragon bites you!
* * * LOW HITPOINT WARNING * * *
The steam dragon claws you but does no damage.
A wight comes into view. It is wielding a +0 dagger.
The wight hits you with a +1 dagger.
You die...

.# ## . . .##!
# .o. ##.
o.#...
.##.###c#.####.
........{......
#@.....#
#..zDzz.#..#
#.#........
########.# #


You could see a steam dragon, a centaur, 3 wights, an orc priest and an orc.

Vanquished Creatures
  A troll (D:7)
  A hornet (D:7)
  Prince Ribbit (D:6)
  A steam dragon (D:6)
  2 ice beasts
  An ogre (D:7)
  3 phantoms
  A kobold brigand (D:6)
  A gnoll sergeant (D:6)
  2 bullfrogs
  2 scorpions
  8 wights
  2 jellies
  A howler monkey (D:6)
  3 hounds
  5 iguanas
  3 sleepcaps
  2 orc wizards (D:5)
  Natasha (thrice) (D:3)
  A mummy (Ossuary)
  7 gnolls
  13 adders
  A shadow imp (D:5)
  A white imp (D:7)
  An ufetubus (D:6)
  2 worms
  4 dart slugs
  4 orcs
  A spectral bat (Ossuary)
  11 bats
  9 endoplasms
  2 giant cockroaches
  4 goblins
  10 hobgoblins
  7 jackals
  3 quokkas
  10 ball pythons
  2 bat simulacra (Ossuary)
  6 frilled lizards
  12 gnoll zombies (Ossuary)
  5 goblin simulacra (Ossuary)
  5 goblin zombies (Ossuary)
  4 hobgoblin zombies (Ossuary)
  13 kobolds
  3 kobold simulacra (Ossuary)
  5 kobold zombies (Ossuary)
  4 orc zombies (Ossuary)
  5 rats
  A rat simulacrum (Ossuary)
  3 spectral goblins (Ossuary)
  4 spectral kobolds (Ossuary)
  4 spectral rats (Ossuary)
  4 bushes (D:6)
214 creatures vanquished.

Vanquished Creatures (others)
  18 plants (D:6)
18 creatures vanquished.

Grand Total: 232 creatures vanquished

Notes
Turn   | Place    | Note
-------+----------+-------------------------------------------
     0 | D:1      | LLlMATKO the Minotaur Berserker began the quest for the
                  | Orb.
     0 | D:1      | Reached XP level 1. HP: 19/19 MP: 0/0
   197 | D:1      | Reached XP level 2. HP: 7/27 MP: 1/1
   688 | D:1      | Reached XP level 3. HP: 27/33 MP: 2/2
  1297 | D:2      | Reached XP level 4. HP: 39/41 MP: 3/3
  1326 | D:2      | Reached ** piety under Trog
  1727 | D:3      | Noticed Natasha
  1736 | D:3      | Killed Natasha
  1913 | D:3      | Found a shadowy altar of Dithmenos.
  1940 | D:3      | Noticed Natasha
  1950 | D:3      | Killed Natasha
  1951 | D:3      | Reached XP level 5. HP: 33/47 MP: 4/4
  1973 | D:3      | Noticed Natasha
  1979 | D:3      | HP: 1/47 [Natasha (6)]
  1980 | D:3      | Killed Natasha
  2404 | D:3      | Reached skill level 5 in Fighting
  2423 | D:3      | Reached skill level 5 in Axes
  2748 | D:4      | Reached XP level 6. HP: 49/56 MP: 5/5
  2775 | D:4      | Found a sand-covered staircase.
  2782 | Ossuary  | Entered an ossuary
  2838 | Ossuary  | Reached *** piety under Trog
  3192 | D:4      | Reached **** piety under Trog
  3396 | D:4      | Found a radiant altar of Vehumet.
  3957 | D:5      | Entered Level 5 of the Dungeon
  3965 | D:5      | Reached skill level 5 in Armour
  3965 | D:5      | Reached XP level 7. HP: 60/62 MP: 6/6
  4107 | D:5      | Found a hazy altar of Hepliaklqana.
  4587 | D:5      | Found Daaquf's Armour Boutique.
  4638 | D:5      | Bought a +0 buckler for 63 gold pieces
  4667 | D:5      | Reached skill level 5 in Dodging
  4751 | D:5      | Reached skill level 1 in Shields
  4814 | D:5      | Found Jeagide's Jewellery Boutique.
  5081 | D:6      | Reached XP level 8. HP: 49/71 MP: 7/7
  5232 | D:6      | Noticed Prince Ribbit
  5247 | D:6      | Killed Prince Ribbit
  5396 | D:6      | Found an iron altar of Okawaru.
  5884 | D:6      | Reached XP level 9. HP: 77/80 MP: 8/8
  6266 | D:7      | Reached ***** piety under Trog
  6581 | D:7      | Noticed a troll
  6593 | D:7      | Killed a troll
  6594 | D:7      | Reached skill level 5 in Shields
  6602 | D:8      | HP: 1/82 [steam dragon (8)]
  6602 | D:8      | Slain by a wight

Illustrated notes

Levels and vault maps discovered:
D:1:      minmay_arrival_three_doors, layout_basic
D:2:      layout_basic
D:3:      layout_rooms, marbit_many_paths, minmay_snake_closets, uniq_natasha
D:4:      layout_loops_ring, mainiacjoe_overflow_tiny_flanked,
          nicolae_ossuary_entry_monument,
          hangedman_abyss_or_decor_jellyfish_corner, hex_tiny,
          minmay_fountain_box, minmay_three_crescents
D:5:      layout_basic, lemuel_crystal_altar, serial_shops,
          nicolae_diamond_shop, shop, serial_bayou_lake_a
D:6:      nicolae_cairo_tiling, layout_gridville, mainiacjoe_overflow_24_doors,
          minivault_25, lexackson_kobold_supper, uniq_prince_ribbit1
D:7:      statuecave_lemuel, layout_rooms, tgw_xom, amcnicky_altar_gilded,
          minmay_temple_entry_large_hall, kennysheep_generic_room_9
D:8:      layout_basic, special_room [special_room_orc]

Skill      XL: |  1  2  3  4  5  6  7  8  9 |
---------------+----------------------------+-----
Axes           | 4 5 6 7 8 |  8.3
Fighting       | 4 5 6 7 8 |  8.3
Armour         | 3 4 5 7 |  7.8
Dodging        | 3 4 5 6 7 |  7.1
Shields        | 1 4 5 |  5.2

Action                     |  1- 3 |  4- 6 |  7- 9 || total
---------------------------+-------+-------+-------++-------
  Melee: Hand axe          |    69 |   246 |    25 ||   340
         Headbutt          |     8 |    44 |    74 ||   126
         Punch             |     2 |     1 |     2 ||     5
         War axe           |       |       |   221 ||   221
 Invoke: Berserk           |     1 |     3 |     4 ||     8
         Trog's Hand       |       |     2 |       ||     2
    Use: Scroll            |       |     6 |     7 ||    13
 Armour: Animal skin       |     7 |       |       ||     7
         Ring mail         |    11 |    84 |    74 ||   169
  Dodge: Dodged            |    61 |   131 |   101 ||   293
  Block: Buckler           |       |       |    40 ||    40
